 Dungeon Crawl Stone Soup version 0.31-a0-237-g2d982f9f85 (webtiles) character file.

Game seed: 12459469587461303772

69 qw the Shooter (level 4, -2/26 HPs)
             Began as a Gargoyle Hexslinger on July 11, 2023.
             Killed by divine providence
             ... invoked by an orc priest
              (13 damage)
             ... on level 3 of the Dungeon.
             The game lasted 00:00:32 (1590 turns).

qw the Shooter (Gargoyle Hexslinger)                Turns: 1590, Time: 00:00:32

Health: -2/26      AC:  8    Str: 12    XL:     4   Next: 20%
Magic:  5/5        EV: 10    Int: 13    God:
Gold:   192        SH:  0    Dex: 14    Spells: 4/5 levels left

rFire   . . .        Y - +2 sling
rCold   . . .        (no shield)
rNeg    + . .        a - +0 ring mail
rPois   inf          (no helmet)
rElec   +            (no cloak)
rCorr   .            (no gloves)
SInv    .            (no boots)
Will    +....        (no amulet)
Stlth   +            f - ring of willpower
HPRegen 0.24/turn    (no ring)
MPRegen 0.09/turn

%: no passive effects
@: no status effects
A: sickness immunity, AC +3, negative energy resistance 1, electricity
resistance, torment resistance 1, petrification resistance
a: no special abilities


You were on level 3 of the Dungeon.
You visited 1 branch of the dungeon, and saw 3 of its levels.

You collected 192 gold pieces.


Innate Abilities, Weirdness & Mutations

You are immune to sickness and miasma.
Your stone body is resilient. (AC +3)
You are immune to poison.
You resist negative energy. (rN+)
You are resistant to electric shocks. (rElec)
You are resistant to unholy torment.
You are immune to petrification.


   Skills:
 - Level 2.0 Fighting
 - Level 4.0 Ranged Weapons
 + Level 0.2 Armour
 - Level 1.5 Dodging
 - Level 1.0 Spellcasting
 - Level 2.6 Hexes


You had 4 spell levels left.
You knew the following spells:

 Your Spells              Type           Power      Damage    Failure   Level
a - Slow                  Hex            28%        N/A       22%         1

Your spell library contained the following spells:

 Spells                   Type           Power      Damage    Failure   Level
 Inner Flame              Hex/Fire       4%         N/A       73%         3
 Portal Projectile        Hex/Tloc       8%         N/A       73%         3
 Cause Fear               Hex            3%         N/A       91%         4

Inventory:

Hand Weapons
 Y - a +2 sling (weapon)
Armour
 a - a +0 ring mail (worn)
Jewellery
 f - a ring of willpower (left hand)
Scrolls
 g - a scroll of identify
Potions
 b - a potion of might {unknown}
 c - a potion of ambrosia {unknown}
 d - 3 potions of curing
 h - a potion of attraction {unknown}

Dungeon Overview and Level Annotations

Branches:
Dungeon (3/15)

Altars:


Message History

Found 5 stones.
A giant cockroach comes into view.
Enter note: You shoot a sling bullet.
The sling bullet closely misses the giant cockroach.
You shoot a sling bullet.
The sling bullet closely misses the giant cockroach.
The giant cockroach bites you. The giant cockroach barely misses you.
You shoot a sling bullet.
The sling bullet hits the giant cockroach.
You kill the giant cockroach!
You start resting.
HP restored.
You see here a giant cockroach corpse. 2 orc priests come into view.
The orc priest shouts! x2; You hear a shout!
An orc priest comes into view. It is wielding a +0 hand axe.
Enter note: You shoot a sling bullet.
The sling bullet hits the orc priest.
The orc priest is moderately wounded.
You shoot a sling bullet. The sling bullet hits the orc priest.
The orc priest is heavily wounded.
You shoot a sling bullet. The sling bullet hits the orc priest.
The orc priest is moderately wounded.
The orc priest calls upon Beogh to heal the orc priest.
The orc priest is healed somewhat.
You hear a shout!
You shoot a sling bullet. The sling bullet hits the orc priest!
The orc priest is almost dead.
The orc priest calls down the wrath of Beogh upon you.
Beogh smites you!
Ouch! That really hurt!
You shoot a sling bullet.
The sling bullet closely misses the orc priest.
The sling bullet hits the orc priest but does no damage.
The orc priest is moderately wounded.
The orc priest invokes the aid of Beogh against you.
Beogh smites you!
Ouch! That really hurt!
You die...

...########
..ooo..@..# #.#
#...######.# ...
....# #.# #.# #.#.#
#.# #####.# #.#.#
#.# ...##.# #(#.#
#.# ...##.# #.#.#
#.# ...##.# #.#.#
#.#
...##.###.#.######%#


You could see 3 orc priests.

Vanquished Creatures
  2 adders
  An ufetubus (D:3)
  2 orcs
  2 ball pythons
  6 bats
  2 giant cockroaches
  3 goblins
  6 hobgoblins
  6 jackals (D:1)
  4 kobolds
  A quokka (D:1)
  A frilled lizard (D:1)
  2 rats
38 creatures vanquished.

Notes
Turn   | Place    | Note
-------+----------+-------------------------------------------
     0 | D:1      | qw the Gargoyle Hexslinger began the quest for the Orb.
     0 | D:1      | Reached XP level 1. HP: 12/12 MP: 2/2
     0 | D:1      | 0 ||| qw: Version: 0.3-a-52-g30416fa
     0 | D:1      | 0 ||| qw: Game counter: 5782
     0 | D:1      | 0 ||| qw: Melee chars always use a shield: true
     0 | D:1      | 0 ||| qw: God list: Okawaru
     0 | D:1      | 0 ||| qw: Allow faded altars: false
     0 | D:1      | 0 ||| qw: Do Orc after clearing Dungeon:15 true
     0 | D:1      | 0 ||| qw: Do second Lair branch before Depths: true
     0 | D:1      | 0 ||| qw: Lair rune preference: random
     0 | D:1      | 0 ||| qw: Goals: Normal
     0 | D:1      | 0 ||| PLANNING D:1-11
   135 | D:1      | Reached XP level 2. HP: 16/16 MP: 3/3
   285 | D:1      | Reached skill level 3 in Ranged Weapons
   751 | D:1      | Found a faded altar of an unknown god.
   758 | D:1      | Reached XP level 3. HP: 19/21 MP: 4/4
   861 | D:1      | 861 ||| UPGRADING to +0 leather armour.
   871 | D:1      | 871 ||| DROPPING +0 robe.
   872 | D:1      | 872 ||| READING scroll labelled JUVONO OTION.
   873 | D:1      | 873 ||| READING scroll labelled MYJIOTESOXT.
   874 | D:1      | 874 ||| DRINKING 4 golden potions.
   875 | D:1      | 875 ||| DROPPING scroll of poison.
  1465 | D:2      | 1465 ||| UPGRADING to +0 ring mail.
  1475 | D:2      | 1475 ||| DROPPING +0 leather armour.
  1476 | D:2      | 1476 ||| UPGRADING to ring of willpower.
  1477 | D:2      | 1477 ||| READING scroll labelled XEXARGHE NYMEETT.
  1478 | D:2      | 1478 ||| DRINKING 2 amethyst potions.
  1479 | D:2      | 1479 ||| DROPPING potion of brilliance.
  1525 | D:3      | Reached skill level 4 in Ranged Weapons
  1525 | D:3      | Reached XP level 4. HP: 24/26 MP: 5/5
  1590 | D:3      | Killed from afar by an orc priest

Levels and vault maps discovered:
D:1:      dpeg_arrival_circle_labyrinth_a, layout_basic,
          hellmonk_ecumenical_altar_dog_temple
D:2:      layout_basic
D:3:      layout_basic, mainiacjoe_overflow_24_doors, ebering_ghost_sewer_f,
          minmay_fountain_box

Skill      XL: |  1  2  3 |
---------------+----------+-----
Ranged Weapons | 3 4 |  4.0
Fighting       | 2 |  2.0
Armour         | |  0.2
Dodging        | |  1.5
Spellcasting   | |  1.0
Hexes          | |  2.6

Action                     |  1- 3 |  4- 6 || total
---------------------------+-------+-------++-------
   Fire: Sling             |   112 |    13 ||   125
    Use: Scroll            |     3 |       ||     3
         Potion            |     2 |       ||     2
 Armour: Robe              |     4 |       ||     4
         Leather armour    |    16 |       ||    16
         Ring mail         |     4 |       ||     4
  Dodge: Dodged            |    24 |     2 ||    26

Table legend:
 A = Non-vault XP
 B = Vault XP
 C = Vault XP percentage of total XP
 D = Non-vault monster count
 E = Vault monster count
 F = Vault count percentage of total count
                 A         B        C        D         E       F
            +---------+---------+-------+---------+---------+-------
      Total |      93 |       6 |   6.1 |      35 |       3 |   7.9
            +---------+---------+-------+---------+---------+-------
        D:1 |      31 |       6 |  16.2 |      18 |       3 |  14.3
        D:2 |      33 |       0 |   0.0 |      12 |       0 |   0.0
        D:3 |      29 |       0 |   0.0 |       5 |       0 |   0.0
            +---------+---------+-------+---------+---------+-------
